 Dungeon Crawl Stone Soup version 0.31-a0-303-gdc8c9485ea (webtiles) character file.

Game seed: 7188987089253747904

36346 zazu2006 the Thaumaturge (level 13, -1/103 HPs)
             Began as a Gnoll Wanderer on July 16, 2023.
             Was a High Priest of Vehumet.
             Slain by an orc knight
             ... wielding a +0 great mace
              (23 damage)
             ... on level 1 of the Orcish Mines.
             The game lasted 01:28:02 (26589 turns).

zazu2006 the Thaumaturge (Gnoll Wanderer)          Turns: 26589, Time: 01:28:02

Health: -1/103     AC:  9    Str: 15    XL:     13   Next: 89%
Magic:  36/36      EV: 16    Int: 14    God:    Vehumet [*****.]
Gold:   639        SH: 12    Dex: 14    Spells: 14/32 levels left

rFire   . . .        j - +11 hand axe of Insomnia {freeze, Will+ Str+3}
rCold   + + +        A - +1 buckler {rC+}
rNeg    . . .        p - +2 leather armour {rPois}
rPois   +            s - +0 helmet
rElec   .            b - +0 cloak
rCorr   .            (no gloves)
SInv    .            (no boots)
Will    .....        e - amulet of reflection
Stlth   ++++         g - ring of flight
HPRegen 0.37/turn    i - ring of Tarruo {Drain rC+++ Will- MP+9 Slay+4}
MPRegen 0.25/turn

%: reflection, clarity
@: flying
A: fangs 1, strong nose, distributed training, clarity, sense surroundings 1
a: Renounce Religion


You were on level 1 of the Orcish Mines.
You worshipped Vehumet.
Vehumet was extremely pleased with you.
You visited 4 branches of the dungeon, and saw 18 of its levels.
You also visited: Sewer, Ossuary, Bailey and Ice Cave.

You collected 982 gold pieces.
You spent 343 gold pieces at shops.

Inventory:

Hand Weapons
 j - the +11 hand axe of Insomnia (weapon) {freeze, Will+ Str+3}
   (You found it in an ice cave)

   Str:       It affects your strength (+3).
   Will:      It increases your willpower.
 w - a +6 long sword
 D - a +4 falchion of freezing
 W - the +8 whip "Snakebite" {venom, curare, rPois}
   (You found it on level 1 of the Lair of Beasts)

   rPois:     It protects you from poison.
 Z - a +3 scimitar of flaming
Missiles
 u - 59 poisoned darts (quivered)
 K - 16 boomerangs
 M - 11 atropa-tipped darts
 O - 4 silver boomerangs
 P - 12 curare-tipped darts
Armour
 b - a +0 cloak (worn)
 p - a +2 leather armour of poison resistance (worn)
 s - a +0 helmet (worn)
 A - a +1 buckler of cold resistance (worn)
 J - the +1 leather armour "Biadedghu" {Rampage rCorr Stlth+}
   (You found it on level 7 of the Dungeon)

   rCorr:     It protects you from acid and corrosion.
   Rampage:   It bestows one free step when moving towards enemies.
   Stlth:     It makes you more stealthy.
Magical Staves
 E - a staff of fire
Jewellery
 e - an amulet of reflection (around neck)
 g - a ring of flight (left hand)
 i - the ring of Tarruo (right hand) {Drain rC+++ Will- MP+9 Slay+4}
   (You found it in an ice cave)

   [ring of slaying]

   Slay:      It affects your accuracy & damage with ranged weapons and melee
   (+4).
   rC:        It renders you almost immune to cold.
   MP:        It affects your magic capacity (+9).
   Drain:     It drains your maximum health when unequipped.
   Will:      It decreases your willpower.
 I - a +6 ring of intelligence
 R - a ring of willpower
 T - a ring of positive energy
Wands
 a - a wand of mindburst (1)
 o - a wand of polymorph (19)
 C - a wand of digging (8)
 U - a wand of quicksilver (4)
Scrolls
 f - 3 scrolls of noise
 h - 6 scrolls of vulnerability
 k - 3 scrolls of revelation
 l - a scroll of poison
 m - 3 scrolls of butterflies
 r - 2 scrolls of enchant armour
 t - 3 scrolls of immolation
 x - a scroll of fog
 y - a scroll of brand weapon
 G - a scroll of amnesia
 H - 2 scrolls of silence
 L - 2 scrolls of identify
 N - 5 scrolls of teleportation
 S - a scroll of torment
 X - a scroll of fear
 Y - 2 scrolls of blinking
Potions
 c - 3 potions of brilliance
 d - 5 potions of magic
 n - 4 potions of enlightenment
 q - 2 potions of resistance
 v - 2 potions of attraction
 z - a potion of mutation
 F - 2 potions of degeneration
Miscellaneous
 V - a piece from Xom's chessboard (15/15)


   Skills:
 + Level 10.0 Fighting
 + Level 8.8 Short Blades
 + Level 10.0 Long Blades
 + Level 8.8 Axes
 + Level 8.8 Maces & Flails
 + Level 8.8 Polearms
 + Level 8.8 Staves
 + Level 8.8 Ranged Weapons
 + Level 9.2 Throwing
 + Level 8.8 Armour
 + Level 10.0 Dodging
 + Level 8.8 Stealth
 + Level 8.8 Shields
 + Level 8.8 Unarmed Combat
 + Level 10.2 Spellcasting
 + Level 7.3 Conjurations
 + Level 7.3 Hexes
 + Level 7.3 Summonings
 + Level 7.3 Necromancy
 + Level 7.7 Translocations
 + Level 7.3 Transmutations
 + Level 7.3 Fire Magic
 + Level 7.3 Ice Magic
 + Level 7.3 Air Magic
 + Level 7.3 Earth Magic
 + Level 7.3 Poison Magic
 + Level 9.7 Invocations
 + Level 8.8 Evocations
 + Level 7.3 Shapeshifting


You had 14 spell levels left.
You knew the following spells:

 Your Spells              Type           Power      Damage    Failure   Level
a - Magic Dart            Conj           100%       1d8       1%          1
b - Irradiate             Conj/Tmut      13%        3d16      5%          5
c - Dazzling Flash        Conj/Hex       54%        N/A       1%          3
d - Blink                 Tloc           56%        N/A       1%          2
e - Volatile Blastmotes   Fire/Tloc      56%        2d14      1%          3
f - Sticky Flame          Conj/Fire      27%        2d5       1%          4

Your spell library contained the following spells:

 Spells                   Type           Power      Damage    Failure   Level
 Iskenderun's Battlesphe  Conj           27%        2d8       5%          5
 Freeze                   Ice            100%       1d10      1%          1
 Necrotise                Necr           100%       1d9       1%          1
 Slow                     Hex            100%       N/A       1%          1
 Ensorcelled Hibernation  Hex/Ice        54%        N/A       1%          2
 Lesser Beckoning         Tloc           56%        N/A       1%          2
 Passwall                 Tmut/Erth      22%        N/A       1%          2
 Sublimation of Blood     Necr           27%        N/A       1%          2
 Frozen Ramparts          Ice            54%        1d9       1%          3
 Gell's Gravitas          Tloc           28%        N/A       1%          3
 Hailstorm                Conj/Ice       27%        3d7       1%          3
 Portal Projectile        Hex/Tloc       56%        N/A       1%          3
 Teleport Other           Tloc           28%        N/A       1%          3
 Call Canine Familiar     Summ           27%        N/A       2%          3
 Confusing Touch          Hex            27%        N/A       2%          3
 Swiftness                Air            27%        N/A       2%          3
 Vampiric Draining        Necr           27%        2d7       2%          3
 Leda's Liquefaction      Hex/Erth       13%        N/A       7%          4
 Petrify                  Tmut/Erth      27%        N/A       7%          4
 Agony                    Necr           27%        N/A       21%         5
 Starburst                Conj/Fire      13%        6d6       28%         6
 Dispersal                Tloc           14%        N/A       67%         6
 Maxwell's Capacitive Co  Air            13%        ∞         100%        8


Dungeon Overview and Level Annotations

Branches:
Dungeon (14/15)            Temple (1/1) D:5            Lair (1/5) D:11
    Orc (2/2) D:9           Sewer (visited)         Ossuary (visited)
 Bailey (visited)           IceCv (visited)
    Elf: Orc:2       Vaults: D:13-14

Altars:
Ashenzari
Cheibriados
Dithmenos
Elyvilon
Fedhas
Gozag
Hepliaklqana
Kikubaaqudgha
Makhleb
Nemelex Xobeh
Okawaru
Qazlal
Ru
Sif Muna
Trog
Uskayaw
Vehumet
Wu Jian
Xom
Yredelemnul
Zin
The Shining One

Shops:
D:1 *   D:7 :?   D:8 :

Annotations:
D:3 1 runed translucent door, Crazy Yiuf
D:10 1 runed translucent door
Lair:1 3 runed translucent doors, Iniera's ghost, journeyman KoMo


Innate Abilities, Weirdness & Mutations

You have very sharp teeth.
Your uncanny sense of smell can sniff out nearby items.
Your experience applies equally to all skills.
You possess an exceptional clarity of mind.
You passively map a small area around you.


Message History

The orc knight is moderately wounded.
You barely miss the troll. The troll bites you but does no damage.
The troll claws you! You block the troll's attack.
The orc knight hits you with a +0 great mace!
Unknown command.
You hit the orc knight. You freeze the orc knight.
The orc knight is moderately wounded.
You slash the troll! You freeze the troll. You block the troll's attack.
The troll barely misses you. The troll misses you.
You block the orc knight's attack.
You hit the orc knight. You freeze the orc knight.
The orc knight is heavily wounded.
You hit the troll. You freeze the troll. You block the troll's attack.
The troll claws you! The troll claws you but does no damage.
You block the orc knight's attack.
You hit the orc knight. You freeze the orc knight.
The orc knight is heavily wounded.
You hit the troll. You freeze the troll. The troll bites you.
The troll claws you.
* * * LOW HITPOINT WARNING * * *
The troll closely misses you. You block the orc knight's attack.
Unknown command.
You slash the orc knight! You freeze the orc knight.
The orc knight is severely wounded.
You hit the troll but do no damage. The troll bites you.
* * * LOW HITPOINT WARNING * * *
The troll misses you. The troll barely misses you.
The orc knight barely misses you.
Unknown command.
You closely miss the orc knight.
The orc knight is severely wounded.
You slash the troll! You freeze the troll.
You kill the troll!
Vehumet accepts your kill. The orc knight closely misses you.
Unknown command.
You slash the orc knight! You freeze the orc knight.
The orc knight is almost dead.
The orc knight hits you with a +0 great mace!!
You die...

#....))~≈~≈~~~~≈.#
###..#)~#######~.#
* *#....~#∆ ∆#~.#
* ##...~# , #~.# ,
,..#..≈# , ,#~.#
*......~# ,∆#~.#
###....~# #≈.#
.....+,,, #~.# **
......+, ,#)@#
#†o# ~ , , ∆#~.. ,
, * ∆ #~...*, * ,
#~.$.#, , ~ ∆
∆#~..#., , , * , *
#~..... ~~ ~~...
.. , , ,


You could see an orc knight.

Vanquished Creatures
  2 azure jellies (IceCv)
  A quicksilver ooze (IceCv)
  Snorg (D:10)
  4 centaur warriors
  Erica (D:9)
  2 tengu warriors (D:13)
  A two-headed ogre (D:10)
  Nergalle (D:12)
  Urug (D:11)
  A death drake (D:9)
  An orc knight (D:9)
  A deep elf pyromancer (D:13)
  3 cyclopes
  A wolf spider (D:12)
  A shining eye (shapeshifter) (D:13)
  2 elephants (Lair:1)
  2 ugly things (D:12)
  3 ice statues (IceCv)
  A cane toad (Lair:1)
  A rime drake (Lair:1)
  A komodo dragon (D:13)
  An unseen horror (D:10)
  An efreet (D:13)
  4 kobold demonologists
  A meliai (D:13)
  6 trolls
  A wind drake (shapeshifter) (D:13)
  Prince Ribbit (D:5)
  Grinder (D:3)
  3 blink frogs (Lair:1)
  29 slime creatures
  A wyvern (D:7)
  2 basilisks
  14 yaks
  A wraith (D:13)
  A redback (D:9)
  4 wargs
  Grum (D:8)
  2 vampire mosquitoes (D:13)
  7 water moccasins
  16 orc warriors
  2 sky beasts (D:7)
  2 black bears
  2 ogres
  3 great orb of eyes simulacra (IceCv)
  2 wolves
  14 centaurs
  2 slime creature simulacra (IceCv)
  12 kobold brigands
  7 bullfrogs
  A scorpion (D:5)
  3 glowing shapeshifter simulacra (IceCv)
  A wight (D:8)
  3 howler monkeys
  An electric eel (Orc:1)
  5 hounds
  5 jellies
  5 orc priests
  6 iguanas
  Jessica (D:2)
  A sleepcap (D:5)
  Ijyb (D:3)
  14 orc wizards
  7 shapeshifter simulacra (IceCv)
  A mummy (Ossuary)
  Robin (D:3)
  16 adders
  4 gnolls (D:3)
  6 river rats
  16 white imps
  2 ufetubi
  5 worms
  4 dart slugs
  55 orcs
  6 spectral bats (Ossuary)
  3 bats
  9 endoplasms
  A giant cockroach (D:1)
  12 gnoll zombies (Ossuary)
  20 goblins
  8 hobgoblins
  59 kobolds
  5 quokkas
  6 ball pythons
  3 bat simulacra (Ossuary)
  3 frilled lizards
  2 goblin simulacra (Ossuary)
  4 goblin zombies (Ossuary)
  5 hobgoblin zombies (Ossuary)
  5 kobold simulacra (Ossuary)
  9 kobold zombies
  An orc zombie (Ossuary)
  10 rats
  A spectral goblin (Ossuary)
  A spectral kobold (Ossuary)
  A spectral rat (Ossuary)
513 creatures vanquished.

Vanquished Creatures (collateral kills)
  A wight (D:8)
1 creature vanquished.

Vanquished Creatures (others)
  Sigmund (D:4)
  A wyvern (D:9)
  A centaur (D:13)
  A wolf (D:8)
  2 kobold brigands
  A wight (D:8)
7 creatures vanquished.

Grand Total: 521 creatures vanquished

Notes
Turn   | Place    | Note
-------+----------+-------------------------------------------
     0 | D:1      | zazu2006 the Gnoll Wanderer began the quest for the Orb.
     0 | D:1      | zazu2006 set off with the following items: a +2 falchion, a
                  | +0 cloak, a potion of brilliance, a +0 robe; and the
                  | following spells available to memorise: Blink, Lesser
                  | Beckoning.
     0 | D:1      | Reached XP level 1. HP: 20/20 MP: 6/6
   298 | D:1      | Found Qosunuon's General Store.
   333 | D:1      | Reached XP level 2. HP: 26/26 MP: 7/7
   968 | D:2      | Found a hide-covered altar of Uskayaw.
   974 | D:2      | Learned a level 2 spell: Blink
  1013 | D:2      | Noticed Jessica
  1019 | D:2      | Killed Jessica
  1020 | D:2      | Reached skill level 5 in Spellcasting
  1020 | D:2      | Reached skill level 1 in Invocations
  1020 | D:2      | Reached XP level 3. HP: 13/31 MP: 7/9
  1124 | D:2      | Reached skill level 1 in Short Blades
  1124 | D:2      | Reached skill level 1 in Axes
  1124 | D:2      | Reached skill level 1 in Maces & Flails
  1124 | D:2      | Reached skill level 1 in Polearms
  1124 | D:2      | Reached skill level 1 in Staves
  1124 | D:2      | Reached skill level 1 in Ranged Weapons
  1124 | D:2      | Reached skill level 1 in Armour
  1124 | D:2      | Reached skill level 1 in Stealth
  1124 | D:2      | Reached skill level 1 in Shields
  1124 | D:2      | Reached skill level 1 in Unarmed Combat
  1124 | D:2      | Reached skill level 1 in Evocations
  1164 | D:2      | Reached XP level 4. HP: 12/38 MP: 11/11
  1788 | D:2      | Found a faded altar of an unknown god.
  1792 | D:2      | You are sucked into a shaft and drop 1 floor!
  1834 | D:3      | Reached skill level 1 in Conjurations
  1834 | D:3      | Reached skill level 1 in Hexes
  1834 | D:3      | Reached skill level 1 in Summonings
  1834 | D:3      | Reached skill level 1 in Necromancy
  1834 | D:3      | Reached skill level 1 in Transmutations
  1834 | D:3      | Reached skill level 1 in Fire Magic
  1834 | D:3      | Reached skill level 1 in Ice Magic
  1834 | D:3      | Reached skill level 1 in Air Magic
  1834 | D:3      | Reached skill level 1 in Earth Magic
  1834 | D:3      | Reached skill level 1 in Poison Magic
  1834 | D:3      | Reached skill level 1 in Shapeshifting
  1854 | D:3      | Noticed Ijyb
  1882 | D:3      | Killed Ijyb
  1883 | D:3      | Reached XP level 5. HP: 43/43 MP: 12/12
  2058 | D:3      | Reached XP level 6. HP: 17/50 MP: 13/13
  2086 | D:3      | Found a glowing drain.
  2106 | Sewer    | Entered a sewer
  2325 | Sewer    | Reached skill level 5 in Fighting
  2325 | Sewer    | Reached skill level 5 in Long Blades
  2325 | Sewer    | Reached skill level 5 in Dodging
  2913 | D:3      | Found a runed translucent door.
  2914 | D:3      | Noticed Crazy Yiuf
  3262 | D:3      | Noticed Grinder
  3284 | D:3      | Killed Grinder
  3285 | D:3      | Reached XP level 7. HP: 35/56 MP: 15/15
  3435 | D:3      | Noticed Robin
  3547 | D:3      | Killed Robin
  3824 | D:4      | Found a sand-covered staircase.
  3836 | Ossuary  | Entered an ossuary
  4369 | D:4      | Reached XP level 8. HP: 55/63 MP: 16/16
  4530 | D:4      | Found a shimmering blue altar of Sif Muna.
  4690 | D:4      | Found a hide-covered altar of Uskayaw.
  4749 | D:4      | Noticed Sigmund
  4772 | D:4      | Killed Sigmund
  5009 | D:5      | Entered Level 5 of the Dungeon
  5102 | D:5      | Found a staircase to the Ecumenical Temple.
  5112 | Temple   | Entered the Ecumenical Temple
  5232 | D:5      | Found a burning altar of Makhleb.
  5232 | D:5      | Found a radiant altar of Vehumet.
  5234 | D:5      | Found a blossoming altar of Fedhas.
  5312 | D:5      | Noticed Prince Ribbit
  5318 | D:5      | Killed Prince Ribbit
  5337 | D:5      | Reached XP level 9. HP: 34/69 MP: 18/18
  5411 | D:5      | Found a stormy altar of Qazlal.
  5483 | D:5      | Learned a level 3 spell: Dazzling Flash
  6397 | D:6      | Found a white marble altar of Elyvilon.
  6609 | D:5      | Became a worshipper of Vehumet
  6655 | D:6      | Found an ornate altar of the Wu Jian Council.
  6941 | D:6      | Reached skill level 5 in Throwing
  7161 | D:6      | Found a sparkling altar of Nemelex Xobeh.
  7337 | D:7      | Found Idghuapuo's Magic Scroll Emporium.
  7356 | D:7      | Bought 3 scrolls of identify for 84 gold pieces
  7356 | D:7      | Bought a scroll of identify for 28 gold pieces
  7391 | D:7      | Identified the +1 leather armour "Biadedghu" {Rampage rCorr
                  | Stlth+}
  7452 | D:7      | Found a sacrificial altar of Ru.
  7476 | D:7      | Found a flagged portal.
  7490 | Bailey   | Entered a bailey
  7546 | Bailey   | Reached * piety under Vehumet
  7546 | Bailey   | Offered knowledge of Kiss of Death by Vehumet.
  7783 | Bailey   | Reached skill level 5 in Invocations
  8054 | Bailey   | Found an iron altar of Okawaru.
  8192 | D:7      | Found Askegou's Tiny Tomes.
  8503 | D:7      | Reached XP level 10. HP: 39/77 MP: 20/20
  8647 | D:7      | Reached skill level 5 in Short Blades
  8647 | D:7      | Reached skill level 5 in Axes
  8647 | D:7      | Reached skill level 5 in Maces & Flails
  8647 | D:7      | Reached skill level 5 in Polearms
  8647 | D:7      | Reached skill level 5 in Staves
  8647 | D:7      | Reached skill level 5 in Ranged Weapons
  8647 | D:7      | Reached skill level 5 in Armour
  8647 | D:7      | Reached skill level 5 in Stealth
  8647 | D:7      | Reached skill level 5 in Shields
  8647 | D:7      | Reached skill level 5 in Unarmed Combat
  8647 | D:7      | Reached skill level 5 in Evocations
  8737 | D:7      | Identified the +0 robe "Kuill" {+Blink}
  9409 | D:8      | Noticed Grum
  9484 | D:8      | Found a bloodstained altar of Trog.
  9922 | D:8      | Reached ** piety under Vehumet
  9922 | D:8      | Offered knowledge of Magic Dart by Vehumet.
  9934 | D:8      | Learned a level 1 spell: Magic Dart
 10058 | D:8      | Noticed a kobold demonologist
 10058 | D:8      | Noticed a kobold demonologist
 10058 | D:8      | Noticed a kobold demonologist
 10068 | D:8      | Noticed a soul eater
 10072 | D:8      | Noticed a smoke demon
 10072 | D:8      | Killed a kobold demonologist
 10073 | D:8      | Reached skill level 5 in Translocations
 10076 | D:8      | Killed a kobold demonologist
 10087 | D:8      | Killed a kobold demonologist
 10980 | D:8      | Found Reidekhy's Vocational Training.
 11183 | D:9      | Noticed a two-headed ogre
 11234 | D:9      | Noticed Erica
 11292 | D:9      | Killed Erica
 11373 | D:9      | Found a broken altar of Ashenzari.
 11401 | D:9      | Found a staircase to the Orcish Mines.
 11632 | D:9      | a two-headed ogre changed into a redback
 11877 | D:9      | Noticed a two-headed ogre
 11882 | D:9      | a two-headed ogre changed into a death drake
 11882 | D:9      | Noticed a death drake
 12050 | D:10     | Entered Level 10 of the Dungeon
 12135 | D:10     | Reached XP level 11. HP: 82/84 MP: 22/22
 12177 | D:10     | Offered knowledge of Static Discharge by Vehumet.
 12197 | D:10     | Found a runed translucent door.
 12201 | D:10     | Found a basalt altar of Yredelemnul.
 12260 | D:10     | Noticed Snorg
 12297 | D:10     | Killed Snorg
 12298 | D:10     | Reached skill level 5 in Conjurations
 12298 | D:10     | Reached skill level 5 in Hexes
 12298 | D:10     | Reached skill level 5 in Summonings
 12298 | D:10     | Reached skill level 5 in Necromancy
 12298 | D:10     | Reached skill level 5 in Transmutations
 12298 | D:10     | Reached skill level 5 in Fire Magic
 12298 | D:10     | Reached skill level 5 in Ice Magic
 12298 | D:10     | Reached skill level 5 in Air Magic
 12298 | D:10     | Reached skill level 5 in Earth Magic
 12298 | D:10     | Reached skill level 5 in Poison Magic
 12298 | D:10     | Reached skill level 5 in Shapeshifting
 13199 | D:10     | Noticed a two-headed ogre
 13202 | D:10     | Killed a two-headed ogre
 13727 | D:11     | Noticed a cyclops
 13749 | D:11     | Killed a cyclops
 13879 | D:11     | Found a bloodstained altar of Trog.
 14131 | D:11     | Found the +18 Lear's hauberk
 14204 | D:11     | Reached *** piety under Vehumet
 14673 | D:11     | Found a staircase to the Lair.
 15445 | D:11     | Noticed Urug
 15587 | Orc:1    | Entered Level 1 of the Orcish Mines
 15744 | Orc:2    | Entered Level 2 of the Orcish Mines
 15744 | Orc:2    | Noticed an orc knight
 16107 | D:8      | Killed Grum
 16320 | Lair:1   | Entered Level 1 of the Lair of Beasts
 16394 | Lair:1   | Found a frozen archway.
 16405 | Lair:1   | HP: 4/86 [white imp (4)]
 16423 | IceCv    | Entered an ice cave
 16606 | IceCv    | Learned a level 5 spell: Irradiate
 16971 | IceCv    | Offered knowledge of Ignite Poison by Vehumet.
 17596 | IceCv    | Reached XP level 12. HP: 71/94 MP: 24/24
 18060 | IceCv    | Gained mutation: You occasionally lose the ability to drink
                  | potions when taking damage. [mutagenic glow]
 18363 | IceCv    | Noticed a quicksilver ooze
 18470 | IceCv    | Killed a quicksilver ooze
 19681 | IceCv    | Found a viscous altar of Jiyva.
 19681 | IceCv    | Noticed an azure jelly
 20145 | IceCv    | Reached **** piety under Vehumet
 20335 | IceCv    | Learned a level 3 spell: Volatile Blastmotes
 20375 | IceCv    | Noticed an azure jelly
 20390 | IceCv    | Killed an azure jelly
 20520 | IceCv    | Killed an azure jelly
 20523 | IceCv    | Identified the ring of Tarruo {Drain rC+++ Will- MP+9
                  | Slay+4}
 20529 | IceCv    | Got the +11 hand axe of Insomnia {freeze, Will+ Str+3}
 20668 | Lair:1   | Offered knowledge of Sticky Flame by Vehumet.
 20792 | Lair:1   | Found a runed translucent gate.
 20792 | Lair:1   | Found a runed translucent gate.
 20792 | Lair:1   | Found a runed translucent gate.
 20793 | Lair:1   | Noticed Iniera's ghost (journeyman KoMo)
 20951 | Lair:1   | Found the +8 whip "Snakebite" {venom, curare, rPois}
 21272 | Lair:1   | HP: 3/95 [elephant (14)]
 21284 | Lair:1   | Reached XP level 13. HP: 14/101 MP: 26/26
 21931 | D:11     | Killed Urug
 22497 | D:12     | Noticed Nergalle
 22509 | D:12     | Killed Nergalle
 24463 | D:13     | Reached skill level 10 in Spellcasting
 24903 | D:13     | Learned a level 4 spell: Sticky Flame
 24922 | D:13     | Reached ***** piety under Vehumet
 25449 | D:13     | Lost mutation: You occasionally lose the ability to drink
                  | potions when taking damage. [potion of mutation]
 25449 | D:13     | Gained mutation: You passively map a small area around you.
                  | [potion of mutation]
 25449 | D:13     | Gained mutation: You possess an exceptional clarity of
                  | mind. [potion of mutation]
 25746 | D:9      | Offered knowledge of Iskenderun's Battlesphere by Vehumet.
 26074 | D:7      | Bought a scroll of blinking for 105 gold pieces
 26074 | D:7      | Bought a scroll of teleportation for 42 gold pieces
 26074 | D:7      | Bought a scroll of teleportation for 42 gold pieces
 26074 | D:7      | Bought a scroll of teleportation for 42 gold pieces
 26323 | Orc:1    | Reached skill level 10 in Fighting
 26323 | Orc:1    | Reached skill level 10 in Long Blades
 26323 | Orc:1    | Reached skill level 10 in Dodging
 26589 | Orc:1    | Slain by an orc knight

Illustrated notes

Levels and vault maps discovered:
D:1:      minmay_arrival_nine_rooms, layout_loops_corners, serial_shops, shop,
          minmay_tromino_v4_c
D:2:      layout_basic, basic_altar, basic_ecumenical_altar, uniq_jessica
D:3:      layout_basic, lightli_sewer_entry_pipes, uniq_grinder, uniq_robin,
          uniq_crazy_yiuf_cottage, uniq_ijyb
D:4:      layout_cave_pools, marbit_many_paths, overflow_temple_1_default,
          nicolae_ossuary_entry_ruins, uniq_sigmund
D:5:      layout_rooms, nicolae_overflow_hidden_temple, lemuel_tele_altar,
          minmay_temple_entry_overgrown, lemuel_flame_loot_1,
          uniq_prince_ribbit1
D:6:      layout_loops_ring, nemelex_dance_club_becter,
          nzn_wu_jian_council_hall, elyvilon_altar_5
D:7:      minmay_octagon_keep, layout_basic, mainiacjoe_overflow_paths,
          enter_bailey_3, nicolae_shop_i_like_small_books_too,
          kennysheep_small_square
D:8:      layout_basic, trog_book, nicolae_shop_vocational, uniq_grum
D:9:      layout_basic, mainiacjoe_overflow_boulevard, orc_0_dummy, uniq_erica
D:10:     layout_layer_cave, dk_yredelemnul_ordeal, uniq_snorg
D:11:     layout_grid_maze, erik_lair_orcish_takeover,
          trog_three_pillars_becter, uniq_urug
D:12:     layout_irregular_city, minmay_crystal_room, uniq_nergalle
D:13:     layout_stronghold
D:14:     layout_cave_pods, erik_vaults_2, minmay_misc_feat_columns,
          kennysheep_minor_cross
Temple:   hellmonk_temple_rainy
Lair:1:   minmay_guarded_unrand_snakebite, layout_chaotic_city,
          gammafunk_ghost_necromancy, portal_ice_cave_entry_imps
Orc:1:    layout_caves, nooodl_orcs_dogs
Orc:2:    st_orc_pillars, layout_caves, basic_altar, nicolae_orc_stony_grotto,
          mines2_david

Skill      XL: |  1  2  3  4  5  6  7  8  9 10 11 12 13 |
---------------+----------------------------------------+-----
Translocations | 2 3 4 5 6 7 |  7.7
Spellcasting   | 5 6 7 8 9 10 | 10.2
Invocations    | 1 2 3 4 5 6 7 8 9 |  9.7
Short Blades   | 1 2 3 4 5 6 8 |  8.8
Axes           | 1 2 3 4 5 6 8 |  8.8
Maces & Flails | 1 2 3 4 5 6 8 |  8.8
Polearms       | 1 2 3 4 5 6 8 |  8.8
Staves         | 1 2 3 4 5 6 8 |  8.8
Ranged Weapons | 1 2 3 4 5 6 8 |  8.8
Armour         | 1 2 3 4 5 6 8 |  8.8
Stealth        | 1 2 3 4 5 6 8 |  8.8
Shields        | 1 2 3 4 5 6 8 |  8.8
Unarmed Combat | 1 2 3 4 5 6 8 |  8.8
Evocations     | 1 2 3 4 5 6 8 |  8.8
Conjurations   | 1 2 3 4 5 6 7 |  7.3
Hexes          | 1 2 3 4 5 6 7 |  7.3
Summonings     | 1 2 3 4 5 6 7 |  7.3
Necromancy     | 1 2 3 4 5 6 7 |  7.3
Transmutations | 1 2 3 4 5 6 7 |  7.3
Fire Magic     | 1 2 3 4 5 6 7 |  7.3
Ice Magic      | 1 2 3 4 5 6 7 |  7.3
Air Magic      | 1 2 3 4 5 6 7 |  7.3
Earth Magic    | 1 2 3 4 5 6 7 |  7.3
Poison Magic   | 1 2 3 4 5 6 7 |  7.3
Shapeshifting  | 1 2 3 4 5 6 7 |  7.3
Throwing       | 3 4 5 6 7 8 9 |  9.2
Fighting       | 5 6 7 8 9 10 | 10.0
Long Blades    | 5 6 7 8 9 10 | 10.0
Dodging        | 5 6 7 8 9 10 | 10.0

Action                     |  1- 3 |  4- 6 |  7- 9 | 10-12 | 13-15 || total
---------------------------+-------+-------+-------+-------+-------++-------
  Melee: Falchion          |    58 |   265 |   589 |   273 |       ||  1185
         Bite              |     2 |    27 |    66 |   123 |    38 ||   256
         Unarmed           |       |    18 |       |       |       ||    18
         Punch             |       |     2 |    11 |    29 |       ||    42
         Scimitar          |       |       |       |   460 |       ||   460
         Hand axe          |       |       |       |    65 |   281 ||   346
  Throw: Dart              |       |       |    31 |    25 |       ||    56
         Boomerang         |       |       |       |     4 |       ||     4
   Cast: Dazzling Flash    |       |       |     1 |    21 |     1 ||    23
         Blink             |       |       |     1 |     2 |       ||     3
         Magic Dart        |       |       |       |    43 |     3 ||    46
         Irradiate         |       |       |       |    19 |     2 ||    21
         Volatile Blastmot |       |       |       |     2 |     3 ||     5
  Evoke: Wand              |       |       |    15 |    33 |     4 ||    52
    Use: Potion            |     1 |     1 |     2 |    12 |     2 ||    18
         Scroll            |       |     8 |    12 |    16 |       ||    36
   Stab: Sleeping          |     1 |     4 |    16 |    11 |     3 ||    35
         Confused          |       |     1 |       |       |       ||     1
         Invisible         |       |       |       |     9 |     1 ||    10
 Armour: Robe              |    11 |       |       |       |       ||    11
         Skin              |     1 |     6 |    12 |     3 |       ||    22
         Leather armour    |       |    39 |   143 |   216 |    72 ||   470
  Dodge: Dodged            |    29 |   151 |   316 |   520 |   157 ||  1173
  Block: Other             |     7 |    54 |   124 |   113 |       ||   298
         Reflection        |       |       |     6 |     9 |    10 ||    25
         Buckler           |       |       |       |   116 |   180 ||   296

Table legend: (Time is in decaauts)
 A = Elapsed time spent in this place.
 B = Non-inter-level travel time spent in this place.
 C = Inter-level travel time spent in this place.
 D = Time resting spent in this place.
 E = Time spent auto-exploring this place.
 F = Levels seen in this place.
 G = Mean time per level.
                   A        B        C        D        E       F      G
               +--------+--------+--------+--------+--------+-----+--------+
         Total |  26585 |  25917 |    668 |   5253 |  13804 |  22 | 1208.4 |
       Dungeon |  19117 |  18468 |    649 |   2503 |  11860 |  14 | 1365.5 |
        Temple |     17 |      8 |      9 |      0 |      1 |   1 |   17.0 |
          Lair |    787 |    787 |      0 |      0 |    472 |   1 |  787.0 |
  Orcish Mines |    661 |    651 |     10 |    177 |    262 |   2 |  330.5 |
         Sewer |    654 |    654 |      0 |      0 |    305 |   1 |  654.0 |
       Ossuary |    484 |    484 |      0 |      0 |     69 |   1 |  484.0 |
        Bailey |    626 |    626 |      0 |     94 |    288 |   1 |  626.0 |
      Ice Cave |   4235 |   4235 |      0 |   2478 |    547 |   1 | 4235.0 |
               +--------+--------+--------+--------+--------+-----+--------+

Top non-repeatable levels by time:
   IceCv: 4235 daAuts
    D:11: 2725 daAuts
    D:13: 2257 daAuts
     D:8: 1809 daAuts
    D:10: 1725 daAuts
     D:7: 1628 daAuts
     D:9: 1615 daAuts
     D:5: 1344 daAuts
     D:3: 1321 daAuts
    D:12: 1202 daAuts
     D:1: 964 daAuts
     D:6: 906 daAuts
     D:2: 832 daAuts
  Lair:1: 787 daAuts
     D:4: 775 daAuts
